Map: Prüfung von Aiur LE

Players

Panda - Winner!

  • Race: Zerg Zerg
  • League: Diamond
  • Spawn Location: 11:00

IMMORTAL

  • Race: Terran Terran
  • League: Platinum
  • Spawn Location: 5:00

VOD

Have the link to the VOD?

Description

Time

  • Played on: Sept. 6, 2017, 5:24 p.m.
  • Length: 3:18
Show
View Real Time Build Order
Export as new Build Order

Panda Zerg - Winner!

Build Orders: Pool Only 

Get SALT Encoding   

  12  0:18  Spawning Pool  
  11  0:21  Drone  
  11  0:27  Drone  
  13  0:33  Drone  
  14  0:37  Extractor  
  14  0:39  Drone  
  14  0:47  Overlord  
  14  0:57  Extractor  
  14  1:02  Drone  
  14  1:08  Roach Warren  
  13  1:13  Drone  
  14  1:22  Zergling x2  
  15  1:48  Roach x2  
  15  1:49  Roach  
  21  2:01  Overlord  
  21  2:19  Drone  
  22  2:25  Ravager x2  
  22  2:27  Ravager  
  25  2:36  Roach  
  27  2:39  Roach  
Show
View Real Time Build Order
Export as new Build Order

IMMORTAL Terran 

Build Orders:  

Get SALT Encoding   

  12  0:01  SCV  
  13  0:13  SCV  
  14  0:17  Supply Depot  
  14  0:25  SCV  
  15  0:29  Refinery  
  15  0:39  SCV  
  16  0:46  Barracks  
  16  0:51  SCV  
  17  1:03  SCV  
  18  1:07  Supply Depot  
  18  1:15  SCV  
  19  1:27  SCV  
  20  1:35  Factory  
  20  1:47  Orbital Command  
  20  1:48  Refinery  
  20  1:55  Barracks Reactor  
  20  2:10  Barracks  
  20  2:19  Command Center  
  20  2:21  SCV  
  21  2:40  Barracks Tech Lab  
  21  2:41  Barracks  
  21  2:43  Hellion  
  23  2:49  SCV  
  24  2:53  Hellion  
  26  2:59  Marine  
Tags
 
Add a new tag
Caveats
  • Supply blocks, unpowered buildings, or Contaminate may cause inaccurate times.
  • Supply counts are checked every 10 seconds.